 Dungeon Crawl Stone Soup version 0.30-a0-1075-gcd70e7a56d (webtiles) character file.

Game seed: 12033120977738494298

1610 avis the Cleaver (level 8, -1/70 HPs)
             Began as a Hill Orc Monk on Apr 14, 2023.
             Was a Believer of Beogh.
             Shot with a bolt by a wight (33 damage)
             ... on level 6 of the Dungeon on Apr 15, 2023.
             The game lasted 00:47:09 (7182 turns).

avis the Cleaver (Hill Orc Monk)                    Turns: 7182, Time: 00:47:09

Health: -1/70      AC:  6    Str: 19    XL:     8   Next: 95%
Magic:  8/8        EV: 12    Int: 13    God:    Beogh [**....]
Gold:   87         SH:  0    Dex: 11    Spells: 6/7 levels left

rFire   + . .      SeeInvis .    a - +7 spear of Defilement {pain, rElec rF+ rN+}
rCold   . . .      Faith    .    (no shield)
rNeg    + . .      Spirit   .    o - +3 leather armour
rPois   .          Reflect  .    (no helmet)
rElec   +          Rampage  .    (no cloak)
rCorr   .                        (no gloves)
Will    .....                    (no boots)
Stlth   ++                       (no amulet)
HPRegen 0.31/turn                H - +4 ring of slaying
MPRegen 0.11/turn                (no ring)

@: studying Long Blades
A: clever 1, strong 1
a: Renounce Religion, Smiting


You were on level 6 of the Dungeon.
You worshipped Beogh.
Beogh was pleased with you.
You visited 1 branch of the dungeon, and saw 6 of its levels.
You also visited: Sewer and Ossuary.

You collected 282 gold pieces.
You spent 195 gold pieces at shops.

Inventory:

Hand Weapons
 a - the +7 spear of Defilement (weapon) {pain, rElec rF+ rN+}
   (You found it on level 2 of the Dungeon)

   rF:        It protects you from fire.
   rElec:     It insulates you from electricity.
   rN:        It protects you from negative energy.
 b - a +1 dagger of venom
 s - a +0 hand axe
 u - a +0 spear
 v - a +2 flail of protection
 z - a +0 trident
 C - a +0 sling
 L - a +0 spear
 M - a +0 halberd
 N - a +2 shortbow of draining
 O - a +0 halberd
 P - a +0 shortbow
 Q - a +0 halberd
Missiles
 g - 5 javelins
 j - 23 stones
 q - 12 boomerangs (quivered)
Armour
 d - an orb of light
 o - a +3 leather armour (worn)
 r - a +1 leather armour of willpower
Magical Staves
 R - a staff of death
Jewellery
 H - a +4 ring of slaying (left hand)
Wands
 t - a wand of flame (18)
Scrolls
 c - 5 scrolls of fog
 f - a scroll of blinking {unknown}
 l - a scroll of enchant weapon {unknown}
 m - 2 scrolls of teleportation {unknown}
 p - a scroll of vulnerability {unknown}
 y - a scroll of magic mapping {unknown}
 B - a scroll of silence {unknown}
 D - 3 scrolls of amnesia {unknown}
 G - 2 scrolls of immolation
 I - a scroll of summoning {unknown}
 K - a scroll of enchant armour {unknown}
 S - 4 scrolls of fear
Potions
 e - 3 potions of cancellation
 h - a potion of lignification
 i - 2 potions of invisibility
 k - 7 potions of flight
 n - a potion of magic
 w - 2 potions of heal wounds
 x - a potion of attraction
 A - 3 potions of brilliance
 E - 5 potions of might
 F - a potion of berserk rage {unknown}
 J - a potion of resistance {unknown}


   Skills:
 - Level 6.0 Fighting
 - Level 10.0(11.4) Axes
 * Level 7.6(9.3) Polearms
 - Level 3.0 Dodging
 - Level 2.0 Stealth


You had 6 spell levels left.
You knew the following spells:

 Your Spells              Type           Power      Damage    Failure   Level
a - Necrotise             Necr           0%         1d4       36%         1

Your spell library contained the following spells:

 Spells                   Type           Power      Damage    Failure   Level
 Beastly Appendage        Tmut           0%         N/A       36%         1
 Cigotuvi's Dreadful Rot  Necr/Pois/Air  0%         N/A       50%         2
 Wereblood                Tmut           0%         N/A       50%         2
 Spider Form              Tmut/Pois      0%         N/A       73%         3
 Vampiric Draining        Necr           0%         2d6       73%         3
 Dispel Undead            Necr           0%         3d6       98%         4
 Agony                    Necr           0%         N/A       100%        5
 Death Channel            Necr           0%         N/A       100%        6


Dungeon Overview and Level Annotations

Branches:
Dungeon (6/15)              Sewer (visited)         Ossuary (visited)
 Temple: D:4-7

Altars:
Kikubaaqudgha
Okawaru

Shops:
D:1 *   D:2 :

Annotations:
D:4 1 runed translucent door, exclusion: door, Crazy Yiuf


Innate Abilities, Weirdness & Mutations

Your mind is acute. (Int +4, Str/Dex -1)
Your muscles are strong. (Str +4, Int/Dex -1)


Message History

You hear a shout!
You reach to attack!
You hit the steam dragon but do no damage.
You hit the steam dragon.
The steam dragon is lightly wounded.
You hit the steam dragon.
The steam dragon is moderately wounded.
The steam dragon barely misses you. The steam dragon claws you.
You barely miss the steam dragon.
The steam dragon is moderately wounded.
You hit the steam dragon.
The steam dragon is moderately wounded.
A wight comes into view.
It is wielding the +27 heavy crossbow "Sniper" {heavy, Acc+∞ SInv}.
The steam dragon bites you. The steam dragon barely misses you.
You puncture the steam dragon!
The steam dragon is almost dead.
The steam dragon breathes steam at you. The ball of steam hits you! You resist.
You hear a shout!
An orc priest comes into view. It is wielding a +0 dagger.
The steam dragon closely misses you. x2
You hit the steam dragon.
You kill the steam dragon!
Beogh accepts your kill.
The steam dragon scales are intact enough to wear.
You hit the wight.
The wight is lightly damaged.
You puncture the wight!
The wight is severely damaged.
An orc comes into view. It is wielding a +0 falchion.
The wight hits you with a +0 heavy falchion!
You hit the wight.
The wight is almost destroyed.
The orc priest looks satisfied for a moment.
The wight attacks as you move away! The wight barely misses you.
The orc priest looks encouraged for a moment.
The wight attacks as you move away! The wight hits you but does no damage.
The wight shoots a bolt.
The bolt hits you!
The wight shoots a bolt.
The bolt hits you!!
You die...

.............#....
.........o...#....
........o........
#.#..o.z...#.....
#.#..z..........#
#.....z##........
########...#.####...##.
#......#..##.# ....##
#.....@..zzz.# .#..##
#<...............###...
#)....†##.###.#### ...
#......##.# .# #..
#......##.. .# #..
##########.# ## #.. ..
#.. #.. #.. #..


You could see 6 wights.

Vanquished Creatures
  2 steam dragons (D:6)
  Edmund (D:4)
  A water moccasin (D:5)
  An ice beast (D:5)
  2 ogres (D:3)
  2 centaurs (D:5)
  Blork the orc (D:4)
  2 scorpions (D:5)
  2 centaur zombies (Ossuary)
  2 hounds
  2 human zombies (Ossuary)
  A jelly (D:5)
  2 mummies (Ossuary)
  4 gnolls (D:5)
  5 river rats (Sewer)
  8 adders
  A white imp (D:5)
  An ufetubus (D:5)
  2 worms (Sewer)
  A dart slug (D:1)
  7 orcs
  12 bats
  6 endoplasms
  5 giant cockroaches
  17 goblins
  8 hobgoblins
  A jackal (Sewer)
  6 kobolds
  8 quokkas
  10 ball pythons
  7 frilled lizards
  A hobgoblin zombie (Ossuary)
  3 orc zombies (Ossuary)
  5 rats
139 creatures vanquished.

Vanquished Creatures (others)
  An adder (D:6)
  An endoplasm (D:4)
2 creatures vanquished.

Grand Total: 141 creatures vanquished

Notes
Turn   | Place    | Note
-------+----------+-------------------------------------------
     0 | D:1      | avis the Hill Orc Monk began the quest for the Orb.
     0 | D:1      | Reached XP level 1. HP: 19/19 MP: 1/1
    53 | D:1      | Found a faded altar of an unknown god.
   288 | D:1      | Reached XP level 2. HP: 21/27 MP: 2/2
   640 | D:1      | Reached XP level 3. HP: 21/33 MP: 3/3
   710 | D:1      | Found Yhontam's General Store.
  1294 | D:2      | Found an iron altar of Okawaru.
  1481 | D:2      | Found Moacink's Book Shoppe.
  1573 | D:2      | Reached skill level 5 in Axes
  1702 | D:2      | Reached XP level 4. HP: 40/40 MP: 4/4
  2104 | D:2      | Identified the +7 spear of Defilement {pain, rElec rF+ rN+}
  2276 | D:1      | Bought a scroll of identify for 26 gold pieces
  2454 | D:3      | Found a glowing drain.
  2478 | Sewer    | Entered a sewer
  2603 | Sewer    | Reached skill level 6 in Axes
  2797 | Sewer    | Reached XP level 5. HP: 44/46 MP: 5/5
  2966 | Sewer    | Reached skill level 7 in Axes
  3480 | D:3      | Found an ancient bone altar of Kikubaaqudgha.
  4246 | D:3      | Noticed an ogre
  4251 | D:3      | Gained mutation: You sometimes lose your temper in combat.
                  | [potion of mutation]
  4251 | D:3      | Gained mutation: You are frail. (-10% HP) [potion of
                  | mutation]
  4251 | D:3      | Gained mutation: You occasionally lose the ability to read
                  | scrolls when taking damage. [potion of mutation]
  4257 | D:3      | Killed an ogre
  4258 | D:3      | Reached skill level 8 in Axes
  4258 | D:3      | Reached XP level 6. HP: 46/46 MP: 6/6
  4296 | D:3      | Reached skill level 9 in Axes
  4576 | D:1      | Bought a potion of heal wounds for 65 gold pieces
  4629 | D:4      | Noticed Edmund
  4797 | D:4      | Noticed an orc warrior
  4799 | D:4      | Became a worshipper of Beogh the Brigand
  4799 | D:4      | Reached * piety under Beogh
  4799 | D:4      | Reached ** piety under Beogh
  4899 | D:4      | Noticed Blork the orc
  4905 | D:4      | Killed Blork the orc
  4906 | D:4      | Reached XP level 7. HP: 53/53 MP: 7/7
  4957 | D:4      | Killed Edmund
  4958 | D:4      | Reached skill level 10 in Axes
  5226 | D:4      | Learned a level 1 spell: Necrotise
  5446 | D:4      | Found a runed translucent door.
  5451 | D:4      | Noticed Crazy Yiuf
  5476 | D:5      | Entered Level 5 of the Dungeon
  5488 | D:5      | Reached skill level 5 in Fighting
  5656 | D:5      | Reached skill level 1 in Polearms
  5666 | D:5      | Reached XP level 8. HP: 31/63 MP: 8/8
  5787 | D:5      | Found a sand-covered staircase.
  5804 | Ossuary  | Entered an ossuary
  6025 | Ossuary  | Lost mutation: You are frail. (-10% HP) [potion of
                  | mutation]
  6025 | Ossuary  | Lost mutation: You occasionally lose the ability to read
                  | scrolls when taking damage. [potion of mutation]
  6025 | Ossuary  | Gained mutation: Your magical capacity is low. (-10% MP)
                  | [potion of mutation]
  6025 | Ossuary  | Gained mutation: You have supernaturally acute eyesight.
                  | (SInv) [potion of mutation]
  6026 | Ossuary  | Lost mutation: Your magical capacity is low. (-10% MP)
                  | [potion of mutation]
  6026 | Ossuary  | Lost mutation: You sometimes lose your temper in combat.
                  | [potion of mutation]
  6026 | Ossuary  | Lost mutation: You have supernaturally acute eyesight.
                  | (SInv) [potion of mutation]
  6026 | Ossuary  | Gained mutation: Your mind is acute. (Int +4, Str/Dex -1)
                  | [potion of mutation]
  6026 | Ossuary  | Gained mutation: Your muscles are strong. (Str +4, Int/Dex
                  | -1) [potion of mutation]
  6214 | D:5      | Reached skill level 5 in Polearms
  6800 | D:1      | Bought 2 scrolls of fear for 104 gold pieces
  7182 | D:6      | Shot with a bolt by a wight

Illustrated notes

Levels and vault maps discovered:
D:1:      onia_arrival_pyramid, layout_basic, serial_shops,
          nicolae_shop_window_shopping,
          shapermc_ecumenical_altar_mp_urbaneastern
D:2:      layout_basic, basic_altar, serial_forest, infiniplex_forest_lined_2,
          infiniplex_forest_straight_2, infiniplex_forest_straight_4,
          infiniplex_forest_clump_curved, infiniplex_forest_clump_curved,
          infiniplex_forest_clump_tiny, infiniplex_forest_lined_1,
          infiniplex_forest_lined_room_3, serial_shops, shop,
          supply_closet_lemuel, roderic_lattice_a,
          chequers_serial_rivers_room_b, chequers_decorated_corner
D:3:      layout_loops_ring, overflow_temple_1_default,
          cheibrodos_sewer_entry_sluice, minmay_crystal_water,
          kennysheep_cross_room, minmay_ogre_servants
D:4:      layout_basic, minmay_misc_feat_rows, uniq_blork_the_orc, uniq_edmund,
          uniq_crazy_yiuf_cottage
D:5:      layout_rooms, enter_ossuary_1, minmay_manual_mares
D:6:      layout_rooms, minmay_temple_entry_large_hall

Skill      XL: |  1  2  3  4  5  6  7  8 |
---------------+-------------------------+-----
Fighting       | 4 6 |  6.0
Stealth        | 2 |  2.0
Dodging        | 3 |  3.0
Axes           | 5 6 8 9 10 | 10.0
Polearms       | 3 7 |  7.6

Action                     |  1- 3 |  4- 6 |  7- 9 || total
---------------------------+-------+-------+-------++-------
  Melee: Hand axe          |   139 |    24 |       ||   163
         Punch             |     2 |       |     1 ||     3
         Spear             |       |   167 |   163 ||   330
  Throw: Stone             |    18 |    10 |       ||    28
         Javelin           |     8 |       |       ||     8
         Boomerang         |       |     2 |       ||     2
 Invoke: Convert to Beogh  |       |     1 |       ||     1
    Use: Potion            |     1 |     2 |     5 ||     8
         Scroll            |       |     9 |     2 ||    11
   Stab: Sleeping          |     4 |     7 |     4 ||    15
 Armour: Robe              |    22 |       |       ||    22
         Leather armour    |     1 |    49 |    44 ||    94
  Dodge: Dodged            |    89 |    86 |    74 ||   249

Table legend: (Time is in decaauts)
 A = Elapsed time spent in this place.
 B = Non-inter-level travel time spent in this place.
 C = Inter-level travel time spent in this place.
 D = Time resting spent in this place.
 E = Time spent auto-exploring this place.
 F = Levels seen in this place.
 G = Mean time per level.
                   A        B        C        D        E       F      G
               +--------+--------+--------+--------+--------+-----+--------+
         Total |   7337 |   6143 |   1194 |   1233 |   2779 |   8 |  917.1 |
       Dungeon |   5916 |   4722 |   1194 |    896 |   2497 |   6 |  986.0 |
         Sewer |   1057 |   1057 |      0 |    238 |    276 |   1 | 1057.0 |
       Ossuary |    363 |    363 |      0 |     99 |      5 |   1 |  363.0 |
               +--------+--------+--------+--------+--------+-----+--------+

Top non-repeatable levels by time:
     D:1: 1506 daAuts
     D:3: 1323 daAuts
     D:2: 1267 daAuts
   Sewer: 1057 daAuts
     D:4: 1030 daAuts
     D:5: 667 daAuts
 Ossuary: 363 daAuts
     D:6: 121 daAuts
